 Dungeon Sprint DCSS version 0.21-a0-442-g848f44b (webtiles) character file.

1 Crelarid the Charmwright (level 1, -18/18 HPs)
             Began as a Gnoll Skald on Nov 13, 2017.
             Was an Initiate of Yredelemnul.
             Demolished by a gnoll
             ... wielding a +0 flail
              (20 damage)
             ... in the Dungeon (Sprint VII: "The Pits").
             The game lasted 00:03:52 (137 turns).

Crelarid the Charmwright (Gnoll Skald)               Turns: 137, Time: 00:03:53

Health: -18/18     AC:  3    Str: 13    XL:     1   Next: 20%
Magic:  6/6        EV: 12    Int: 15    God:    Yredelemnul [......]
Gold:   0          SH:  0    Dex: 14    Spells: 8/9 levels left

rFire    . . .     SeeInvis .   a - +0 falchion
rCold    . . .     Gourm    .   (no shield)
rNeg     . . .     Faith    .   b - +0 leather armour
rPois    .         Spirit   .   (no helmet)
rElec    .         Reflect  .   (no cloak)
rCorr    .         Harm     .   (no gloves)
MR       .....     NoTele   +   (no boots)
Stlth    +.........             (no amulet)
HPRegen  0.06/turn              (no ring)
MPRegen  0.10/turn              (no ring)

@: berserk cooldown, slowed, very slow
A: distributed training, reduced essence, fangs 1, strong nose
a: Renounce Religion


You were in the Dungeon.
You worshipped Yredelemnul.
Yredelemnul was noncommittal.
You were not hungry.

You visited 1 branch

Inventory:

Hand Weapons
 a - a +0 falchion (weapon)
 k - a +2 falchion
Armour
 b - a +0 leather armour (worn)
Scrolls
 j - a scroll of blinking
 m - 3 scrolls of remove curse
 n - 5 scrolls of amnesia
 o - a scroll of summoning
Potions
 e - a potion of curing
 g - a potion of haste
 h - 4 potions of magic
 i - 2 potions of berserk rage
 l - 2 potions of invisibility
Books
 c - a book of Battle

   Spells                             Type                      Level
   a - Infusion                       Charms                       1
   b - Shroud of Golubria             Charms/Translocation         2
   c - Song of Slaying                Charms                       2
   d - Spectral Weapon                Hexes/Charms                 3
   e - Regeneration                   Charms/Necromancy            3
Comestibles
 d - 8 bread rations
 p - 40 fruits
 q - 7 meat rations


   Skills:
 + Level 4.4(2.2) Fighting
 + Level 0.3(0.1) Short Blades
 + Level 4.4(2.2) Long Blades
 + Level 0.3(0.1) Axes
 + Level 0.3(0.1) Maces & Flails
 + Level 0.3(0.1) Polearms
 + Level 0.3(0.1) Staves
 + Level 0.3(0.1) Slings
 + Level 0.3(0.1) Bows
 + Level 0.3(0.1) Crossbows
 + Level 0.3(0.1) Throwing
 + Level 2.4(1.2) Armour
 + Level 4.4(2.2) Dodging
 + Level 0.3(0.1) Stealth
 + Level 0.3(0.1) Shields
 + Level 0.3(0.1) Unarmed Combat
 + Level 4.9(2.4) Spellcasting
 + Level 0.2(0.1) Conjurations
 + Level 0.2(0.1) Hexes
 + Level 5.3(2.6) Charms
 + Level 0.2(0.1) Summonings
 + Level 0.2(0.1) Necromancy
 + Level 0.2(0.1) Translocations
 + Level 0.2(0.1) Transmutations
 + Level 0.2(0.1) Fire Magic
 + Level 0.2(0.1) Ice Magic
 + Level 0.2(0.1) Air Magic
 + Level 0.2(0.1) Earth Magic
 + Level 0.2(0.1) Poison Magic
 + Level 0.4(0.2) Invocations
 + Level 0.3(0.1) Evocations


You had 8 spell levels left.
You knew the following spells:

 Your Spells              Type           Power        Failure   Level  Hunger
a - Infusion              Chrm           #...         9%          1    #......


Dungeon Overview and Level Annotations

Branches:
Dungeon (1/1)

Altars:
Ashenzari
Cheibriados
Dithmenos
Elyvilon
Fedhas
Gozag
Hepliaklqana
Kikubaaqudgha
Makhleb
Nemelex Xobeh
Okawaru
Qazlal
Ru
Sif Muna
Trog
Uskayaw
Vehumet
Wu Jian
Xom
Yredelemnul
Zin
The Shining One
Beogh
Jiyva
Lugonu


Innate Abilities, Weirdness & Mutations

Your experience applies equally to all skills.
You have very sharp teeth.
Your uncanny sense of smell can sniff out nearby items.
Your life essence is reduced to manifest your ancestor. (-10% HP)


Message History

Gozag incites the gnoll and the goblin against you.
The gnoll shouts!
The gnoll goes berserk!
The goblin shouts!
The goblin goes berserk!
The gnoll hits you with a flail!
Ouch! That really hurt!
* * * LOW HITPOINT WARNING * * *
You feel much better. The gnoll hits you with a flail!
Ouch! That really hurt!
* * * LOW HITPOINT WARNING * * *
The gnoll misses you.
The goblin rages.
Unknown command.
You barely miss the gnoll. The gnoll barely misses you.
You riposte.
You hit the gnoll but do no damage. The gnoll closely misses you.
You completely miss the gnoll. The gnoll hits you with a flail!!
Ouch! That really hurt!
You die...
Xom bursts into laughter!
Your body rises from the dead as a mindless zombie.

############
#_________.#
#_________.#
#_______...###########++
##########'##...........
#.?(.')))'.##......#..#.
##########.##...........
#......@....÷...........
#+#####g#####......#..#.
.g. #........... #...#
####'#####++ #####
#.......# #.......#
#.......# #...<...# ∆∆
#.......#


You could see a gnoll (berserk) and a goblin (berserk).

Vanquished Creatures
  A jelly (D)
  A bat (D)
2 creatures vanquished.

Notes
Turn   | Place    | Note
-------+----------+-------------------------------------------
     0 | D        | Crelarid the Gnoll Skald began the quest for the Orb.
     0 | D        | Reached XP level 1. HP: 20/20 MP: 6/6
    49 | D        | Found a bloodstained altar of Trog.
    49 | D        | Found a deep blue altar of Sif Muna.
    49 | D        | Found a viscous altar of Jiyva.
    49 | D        | Found a hazy altar of Hepliaklqana.
    49 | D        | Found an opulent altar of Gozag.
    50 | D        | Found a glowing golden altar of the Shining One.
    50 | D        | Found a glowing silver altar of Zin.
    50 | D        | Found a basalt altar of Yredelemnul.
    50 | D        | Found a shimmering altar of Xom.
    50 | D        | Found an ornate altar of the Wu Jian Council.
    50 | D        | Found a sacrificial altar of Ru.
    50 | D        | Found a stormy altar of Qazlal.
    50 | D        | Found an iron altar of Okawaru.
    50 | D        | Found a sparkling altar of Nemelex Xobeh.
    50 | D        | Found a burning altar of Makhleb.
    50 | D        | Found a blossoming altar of Fedhas.
    50 | D        | Found a white marble altar of Elyvilon.
    50 | D        | Found a shadowy altar of Dithmenos.
    50 | D        | Found a snail-covered altar of Cheibriados.
    52 | D        | Found a radiant altar of Vehumet.
    52 | D        | Found a corrupted altar of Lugonu.
    52 | D        | Found a roughly hewn altar of Beogh.
    53 | D        | Found a hide-covered altar of Uskayaw.
    53 | D        | Found an ancient bone altar of Kikubaaqudgha.
    53 | D        | Found a shattered altar of Ashenzari.
    61 | D        | Became a worshipper of Uskayaw the Reveler
    63 | D        | Fell from the grace of Uskayaw
    63 | D        | Became a worshipper of Vehumet
    65 | D        | Fell from the grace of Vehumet
    65 | D        | Became a worshipper of the Wu Jian Council
    67 | D        | Fell from the grace of Wu Jian
    67 | D        | Became a worshipper of The Xom-Meister, Xom-Xom-bo-Bom, Banana-Fana-fo-Fom
    70 | D        | Fell from the grace of Xom
    70 | D        | Became a worshipper of Zin the Law-Giver
    75 | D        | Fell from the grace of Zin
    75 | D        | Became a worshipper of Trog the Wrathful
    79 | D        | Fell from the grace of Trog
    79 | D        | Became a worshipper of the Shining One
    82 | D        | Fell from the grace of the Shining One
    82 | D        | Became a worshipper of Sif Muna the Loreminder
    84 | D        | Fell from the grace of Sif Muna
    84 | D        | Became a worshipper of Ru the Awakened
    86 | D        | Fell from the grace of Ru
    86 | D        | Became a worshipper of Qazlal Stormbringer
    88 | D        | Fell from the grace of Qazlal
    88 | D        | Became a worshipper of Warmaster Okawaru
    90 | D        | Fell from the grace of Okawaru
    90 | D        | Became a worshipper of Nemelex Xobeh the Trickster
    92 | D        | Fell from the grace of Nemelex Xobeh
    92 | D        | Became a worshipper of Makhleb the Destroyer
    94 | D        | Fell from the grace of Makhleb
    94 | D        | Became a worshipper of Lugonu the Unformed
    94 | D        | Reached * piety under Lugonu
    96 | D        | Fell from the grace of Lugonu
    96 | D        | Became a worshipper of Kikubaaqudgha
    98 | D        | Fell from the grace of Kikubaaqudgha
    98 | D        | Became a worshipper of Ashenzari the Shackled
   101 | D        | Fell from the grace of Ashenzari
   101 | D        | Became a worshipper of Cheibriados the Contemplative
   103 | D        | Fell from the grace of Cheibriados
   103 | D        | Became a worshipper of Dithmenos the Shadowed
   105 | D        | Fell from the grace of Dithmenos
   105 | D        | Became a worshipper of Elyvilon the Healer
   107 | D        | Fell from the grace of Elyvilon
   107 | D        | Became a worshipper of Fedhas Madash
   109 | D        | Fell from the grace of Fedhas
   109 | D        | Became a worshipper of Gozag Ym Sagoz the Greedy
   111 | D        | Fell from the grace of Gozag
   111 | D        | Became a worshipper of Hepliaklqana the Forgotten
   113 | D        | Fell from the grace of Hepliaklqana
   113 | D        | Became a worshipper of Jiyva Jaeffef the Shapeless
   120 | D        | Fell from the grace of Jiyva
   120 | D        | Became a worshipper of Yredelemnul the Dark
   123 | D        | Killed a jelly
   137 | D        | Demolished by a gnoll

Vault maps used:
D:        pitsprint

Action                   || total
-------------------------++-------
Melee: Falchion          ||     6
       Bite              ||     1
  Use: Potion            ||     2
Armor: Leather armour    ||     2
Dodge: Dodged            ||    11
       Rpst.: Falchion   ||     5

Table legend:
 A = Spawn XP
 B = Non-spawn XP
 C = Spawn XP percentage of total XP
 D = Spawn monster count
 E = Non-spawn monster count
 F = Spawn count percentage of total count
 G = Total turns spent on level
                    A         B        C        D         E        F      G
               +---------+---------+-------+---------+---------+-------+---------
         Total |       0 |       2 |   0.0 |       0 |       1 |   0.0 |   137
               +---------+---------+-------+---------+---------+-------+---------
             D |       0 |       2 |   0.0 |       0 |       1 |   0.0 |   137
               +---------+---------+-------+---------+---------+-------+---------
